Map: Crête de Lerilak

Players

abgott - Winner!

  • Race: Protoss Protoss
  • Spawn Location: 11:00

zidar

  • Race: Zerg Zerg
  • League: Silver
  • Spawn Location: 7:00

VOD

Have the link to the VOD?

Description

Time

  • Played on: Jan. 24, 2016, 6:16 a.m.
  • Length: 6:30
Show
View Real Time Build Order
Export as new Build Order

abgott Protoss - Winner!

Build Orders: Oracle Opening 

Get SALT Encoding   

  12  0:01  Probe (Chrono Boost)  
  13  0:11  Probe (Chrono Boost)  
  14  0:19  Pylon  
  14  0:27  Probe (Chrono Boost)  
  15  0:38  Probe (Chrono Boost)  
  15  0:40  Gateway  
  16  0:48  Probe (Chrono Boost)  
  17  0:56  Assimilator  
  17  0:59  Probe (Chrono Boost)  
  17  1:01  Assimilator  
  18  1:10  Probe (Chrono Boost)  
  19  1:25  Probe (Chrono Boost)  
  20  1:36  Probe (Chrono Boost)  
  20  1:38  Cybernetics Core  
  20  1:39  Zealot  
  23  1:44  Pylon  
  23  1:57  Pylon  
  23  2:01  Pylon  
  23  2:14  Stalker  
  25  2:18  Warp Gate  
  25  2:28  Forge  
  25  2:39  Probe (Chrono Boost)  
  25  2:40  Robotics Facility  
  26  2:50  Probe (Chrono Boost)  
  27  2:58  Stargate  
  27  3:01  Probe (Chrono Boost)  
  28  3:11  Protoss Ground Weapons Level 1  
  28  3:12  Probe (Chrono Boost)  
  30  3:30  Mothership Core (Chrono Boost)  
  30  3:32  Warp Prism  
  33  3:46  Oracle (Chrono Boost)  
  33  3:47  Pylon  
  36  4:02  Probe  
  37  4:14  Probe  
  38  4:18  Gateway  
  38  4:21  Gateway  
  38  4:25  Observer  
  38  4:28  Probe  
  40  4:35  Pylon  
  40  4:40  Probe  
  41  4:46  Void Ray (Chrono Boost)  
  45  4:59  Immortal  
  49  5:17  Stalker  
  44  5:48  Immortal  
Show
View Real Time Build Order
Export as new Build Order

zidar Zerg 

Build Orders: Pool First 

Get SALT Encoding   

  12  0:02  Drone  
  13  0:12  Overlord  
  13  0:17  Drone  
  14  0:31  Drone x2  
  14  0:34  Drone  
  17  0:48  Spawning Pool  
  16  0:54  Drone  
  17  1:19  Hatchery  
  17  1:21  Drone  
  17  1:25  Drone  
  17  1:27  Overlord  
  18  1:37  Overlord  
  18  1:42  Extractor  
  18  1:46  Queen  
  19  2:05  Zergling x4  
  21  2:20  Zergling x4  
  23  2:23  Queen  
  25  2:52  Roach Warren  
  24  3:12  Drone x9  
  33  3:19  Roach Warren  
  32  3:30  Overlord x2  
  32  3:32  Overlord  
  32  3:45  Metabolic Boost  
  32  3:51  Extractor  
  31  4:01  Zergling x12  
  31  4:02  Zergling x2  
  37  4:25  Drone x3  
  37  4:28  Roach x3  
  46  4:35  Zergling x2  
  46  4:38  Roach  
  36  5:00  Spore Crawler  
  21  5:47  Zergling x6  
  21  5:48  Zergling x22  
  33  5:55  Ravager  
Tags
 
Add a new tag
Caveats
  • Supply blocks, unpowered buildings, or Contaminate may cause inaccurate times.
  • Supply counts are checked every 10 seconds.